TOP OF THE 1ST |
Phoenix Hotspur Youth batting - Pitching for Tacoma Fur Traders : LHP César González
|
Pitching: LHP César González
|
|
Batting: RHB Billy Strauss
|
0-0: Fly out, F5 (Line Drive, 5)
|
Batting: RHB Alex Niemann
|
0-0: Ball 1-0: Ball 2-0: Foul Ball, location: 2F 2-1: Foul Ball, location: 2F 2-2: DOUBLE (Line Drive, 78D)
|
Batting: LHB Shojiro Ueda
|
0-0: Ball 1-0: Foul Ball, location: 2F 1-1: Ball 2-1: Called Strike 2-2: Foul Ball, location: 2F 2-2: Strikes out swinging
|
Batting: LHB Rafael Sánchez
|
0-0: Ball 1-0: Ball 2-0: Swinging Strike 2-1: Swinging Strike 2-2: Ground out 4-3 (Groundball, 4M)
|
Top of the 1st over - 0 run(s), 1 hit(s), 0 error(s), 1 left on base; Phoenix Hotspur 0 - Tacoma 0 |
BOTTOM OF THE 1ST |
Tacoma Fur Traders batting - Pitching for Phoenix Hotspur Youth : LHP Ricardo Sánchez
|
Pitching: LHP Ricardo Sánchez
|
|
Batting: RHB Jenkins Hall
|
0-0: Called Strike 0-1: Called Strike 0-2: Strikes out swinging
|
Batting: RHB Rex Long
|
0-0: Ball 1-0: Fly out, F7 (Flyball, 7M)
|
Batting: LHB Jim Unknown
|
0-0: Ball 1-0: Ground out 4-3 (Groundball, 4)
|
Bottom of the 1st over - 0 run(s), 0 hit(s), 0 error(s), 0 left on base; Phoenix Hotspur 0 - Tacoma 0 |
TOP OF THE 2ND |
Phoenix Hotspur Youth batting - Pitching for Tacoma Fur Traders : LHP César González
|
Batting: RHB Jesús Mejía
|
0-0: Ball 1-0: Called Strike 1-1: Ball 2-1: Fly out, F9 (Flyball, 89S)
|
Batting: RHB Marc Meertens
|
0-0: Called Strike 0-1: Ground out 1-3 (Groundball, 15S)
|
Batting: LHB Luis Díaz
|
0-0: Swinging Strike 0-1: Swinging Strike 0-2: Strikes out looking
|
Top of the 2nd over - 0 run(s), 0 hit(s), 0 error(s), 0 left on base; Phoenix Hotspur 0 - Tacoma 0 |
BOTTOM OF THE 2ND |
Tacoma Fur Traders batting - Pitching for Phoenix Hotspur Youth : LHP Ricardo Sánchez
|
Batting: RHB Arturo Rodríguez
|
0-0: Foul Ball, location: 2F 0-1: Ball 1-1: Ball 2-1: Foul Ball, location: 2F 2-2: Foul Ball, location: 2F 2-2: Ball 3-2: SINGLE (Line Drive, 56D)
|
Batting: RHB Roberto Maestas
|
0-0: Foul Ball, location: 2F 0-1: Foul Ball, location: 2F 0-2: Ball 1-2: Ball 2-2: SINGLE (Groundball, 56D) Arturo Rodríguez to second
|
Batting: SHB Júlio Camacho
|
0-0: Ball 1-0: Foul Ball, location: 2F 1-1: Foul Ball, location: 2F 1-2: Ball 2-2: Foul Ball, location: 2F 2-2: TRIPLE (Flyball, 89D) Arturo Rodríguez scores Roberto Maestas scores
|
Batting: RHB Rubén Alvarado
|
0-0: Ball 1-0: DOUBLE (Line Drive, 7LD) Júlio Camacho scores
|
Batting: RHB Jim Unknown
|
0-0: Called Strike 0-1: Ball 1-1: Ball 2-1: Foul Ball, location: 2F 2-2: SINGLE (Groundball, 4MD) Rubén Alvarado to third Runner from 3rd tries for Home, SAFE, no throw or cutoff
|
Batting: RHB Andy Moore
|
0-0: Ball 1-0: Called Strike 1-1: Called Strike 1-2: Ball 2-2: Fly out, F6 (Popup, 6M)
|
Batting: RHB Jenkins Hall
|
0-0: Called Strike 0-1: Ball 1-1: Ball Jim Unknown steals 2nd base 2-1: Called Strike 2-2: Foul Ball, location: 2F 2-2: Ground out 6-3 (Groundball, 6S) Jim Unknown to third
|
Batting: RHB Rex Long
|
0-0: Foul Ball, location: 2F 0-1: Fly out, F7 (Flyball, 78M)
|
Bottom of the 2nd over - 4 run(s), 5 hit(s), 0 error(s), 1 left on base; Phoenix Hotspur 0 - Tacoma 4 |
TOP OF THE 3RD |
Phoenix Hotspur Youth batting - Pitching for Tacoma Fur Traders : LHP César González
|
Batting: RHB Javier González
|
0-0: Called Strike 0-1: Swinging Strike 0-2: Fly out, F4 (Popup, 34)
|
Batting: LHB Richard Alpert
|
0-0: Called Strike 0-1: Ball 1-1: Foul Ball, location: 2F 1-2: Foul Ball, location: 2F 1-2: Strikes out swinging
|
Batting: RHB Billy Strauss
|
0-0: Foul Ball, location: 2F 0-1: Ball 1-1: Foul Ball, location: 2F 1-2: Foul Ball, location: 2F 1-2: Ground out 4-3 (Groundball, 34)
|
Top of the 3rd over - 0 run(s), 0 hit(s), 0 error(s), 0 left on base; Phoenix Hotspur 0 - Tacoma 4 |
BOTTOM OF THE 3RD |
Tacoma Fur Traders batting - Pitching for Phoenix Hotspur Youth : LHP Ricardo Sánchez
|
Batting: LHB Jim Unknown
|
0-0: Swinging Strike 0-1: Fly out, F8 (Line Drive, 8LS)
|
Batting: RHB Arturo Rodríguez
|
0-0: Ball 1-0: Swinging Strike 1-1: Ball 2-1: Ball 3-1: Swinging Strike 3-2: Base on Balls
|
Batting: RHB Roberto Maestas
|
0-0: Ball 1-0: Ball 2-0: Ball 3-0: Called Strike 3-1: Base on Balls Arturo Rodríguez to second
|
Batting: SHB Júlio Camacho
|
0-0: SINGLE (Groundball, 5L) (infield hit) Arturo Rodríguez to third Roberto Maestas to second
|
Batting: RHB Rubén Alvarado
|
0-0: SINGLE (Line Drive, 78S) Arturo Rodríguez scores Roberto Maestas to third Júlio Camacho to second Runner from 3rd tries for Home, throw and OUT! Júlio Camacho to third Rubén Alvarado to second
|
Batting: RHB Jim Unknown
|
0-0: Ball 1-0: Ball 2-0: Ball 3-0: Called Strike 3-1: Foul Ball, location: 2F 3-2: DOUBLE (Flyball, 89M) Júlio Camacho scores Rubén Alvarado scores
|
Pitching: LHP Juan Alou
|
|
Batting: RHB Andy Moore
|
0-0: Called Strike 0-1: Swinging Strike 0-2: Foul Ball, location: 2F 0-2: Ball 1-2: Ball 2-2: Ground out 4-3 (Groundball, 4M)
|
Bottom of the 3rd over - 3 run(s), 3 hit(s), 0 error(s), 1 left on base; Phoenix Hotspur 0 - Tacoma 7 |
TOP OF THE 4TH |
Phoenix Hotspur Youth batting - Pitching for Tacoma Fur Traders : LHP César González
|
Batting: RHB Alex Niemann
|
0-0: Ground out U3 (Groundball, 3)
|
Batting: LHB Shojiro Ueda
|
0-0: Ball 1-0: Foul Ball, location: 2F 1-1: Fly out, F8 (Flyball, 8LM)
|
Batting: LHB Rafael Sánchez
|
0-0: Called Strike 0-1: Ball 1-1: Called Strike 1-2: Foul Ball, location: 2F 1-2: Strikes out swinging
|
Top of the 4th over - 0 run(s), 0 hit(s), 0 error(s), 0 left on base; Phoenix Hotspur 0 - Tacoma 7 |
BOTTOM OF THE 4TH |
Tacoma Fur Traders batting - Pitching for Phoenix Hotspur Youth : LHP Juan Alou
|
Batting: RHB Jenkins Hall
|
0-0: Called Strike 0-1: Called Strike 0-2: SINGLE (Line Drive, 6MD)
|
Batting: RHB Rex Long
|
0-0: Ball 1-0: Foul Ball, location: 2F 1-1: Ball 2-1: Ball 3-1: SINGLE (Flyball, 8LS) Jenkins Hall to second Runner from 2nd tries for 3rd, SAFE, throw made to third
|
Batting: LHB Jim Unknown
|
0-0: Ball 1-0: Foul Ball, location: 2F 1-1: Foul Ball, location: 2F 1-2: Foul Ball, location: 2F 1-2: Foul Ball, location: 2F 1-2: Foul Ball, location: 2F 1-2: Ball 2-2: Strikes out swinging
|
Batting: RHB Arturo Rodríguez
|
0-0: Called Strike 0-1: Foul Ball, location: 2F 0-2: Ball 1-2: Strikes out looking
|
Batting: RHB Roberto Maestas
|
0-0: Ball 1-0: Ball 2-0: Ball 3-0: Base on Balls Rex Long to second
|
Batting: SHB Júlio Camacho
|
0-0: Ball 1-0: Called Strike 1-1: Swinging Strike 1-2: Foul Ball, location: 2F 1-2: Strikes out swinging
|
Bottom of the 4th over - 0 run(s), 2 hit(s), 0 error(s), 3 left on base; Phoenix Hotspur 0 - Tacoma 7 |
TOP OF THE 5TH |
Phoenix Hotspur Youth batting - Pitching for Tacoma Fur Traders : LHP César González
|
Batting: RHB Jesús Mejía
|
0-0: Ball 1-0: Called Strike 1-1: Ball 2-1: Ground out 6-3 (Groundball, 6)
|
Batting: RHB Marc Meertens
|
0-0: Fly out, F9 (Flyball, 89M)
|
Batting: LHB Luis Díaz
|
0-0: Ball 1-0: Called Strike 1-1: Ball 2-1: Ground out 6-3 (Groundball, 6M)
|
Top of the 5th over - 0 run(s), 0 hit(s), 0 error(s), 0 left on base; Phoenix Hotspur 0 - Tacoma 7 |
BOTTOM OF THE 5TH |
Tacoma Fur Traders batting - Pitching for Phoenix Hotspur Youth : LHP Juan Alou
|
Batting: RHB Rubén Alvarado
|
0-0: Foul Ball, location: 2F 0-1: Ball 1-1: Foul Ball, location: 2F 1-2: SINGLE (Line Drive, 3D)
|
Batting: RHB Jim Unknown
|
0-0: Sac Bunt - play at first, batter OUT! 5-3 Rubén Alvarado to second
|
Batting: RHB Andy Moore
|
0-0: Ball Rubén Alvarado steals 3rd base 1-0: Called Strike 1-1: Ball 2-1: Ball 3-1: Called Strike 3-2: Ground out 1-3 (Groundball, 23)
|
Batting: RHB Jenkins Hall
|
0-0: Called Strike 0-1: Ball 1-1: Swinging Strike 1-2: Ball 2-2: Ball 3-2: Base on Balls
|
Batting: RHB Rex Long
|
0-0: Fly out, F7 (Flyball, 7M)
|
Bottom of the 5th over - 0 run(s), 1 hit(s), 0 error(s), 2 left on base; Phoenix Hotspur 0 - Tacoma 7 |
TOP OF THE 6TH |
Phoenix Hotspur Youth batting - Pitching for Tacoma Fur Traders : LHP César González
|
Batting: RHB Javier González
|
0-0: Called Strike 0-1: Ball 1-1: Foul Ball, location: 2F 1-2: Ball 2-2: Ball 3-2: Base on Balls
|
Batting: LHB Richard Alpert
|
0-0: Called Strike 0-1: Ball 1-1: Foul Ball, location: 2F 1-2: Grounds out, U3 (Groundball, 3L)
|
Batting: RHB Billy Strauss
|
0-0: Ball 1-0: SINGLE (Groundball, 6MD) Javier González to third
|
Batting: RHB Alex Niemann
|
0-0: Ball 1-0: Called Strike 1-1: Swinging Strike 1-2: Foul Ball, location: 2F 1-2: Ground out 4-3 (Groundball, 4) Javier González scores Billy Strauss to second
|
Batting: LHB Shojiro Ueda
|
0-0: Foul Ball, location: 2F 0-1: Foul Ball, location: 2F 0-2: Foul Ball, location: 2F 0-2: Ball 1-2: Foul Ball, location: 2F 1-2: Foul Ball, location: 2F 1-2: Strikes out swinging
|
Top of the 6th over - 1 run(s), 1 hit(s), 0 error(s), 1 left on base; Phoenix Hotspur 1 - Tacoma 7 |
BOTTOM OF THE 6TH |
Tacoma Fur Traders batting - Pitching for Phoenix Hotspur Youth : LHP Juan Alou
|
Batting: LHB Jim Unknown
|
0-0: Ball 1-0: Fly out, F8 (Flyball, 8LM)
|
Batting: RHB Arturo Rodríguez
|
0-0: Ball 1-0: Ball 2-0: Called Strike 2-1: Foul Ball, location: 2F 2-2: SINGLE (Groundball, 25) (infield hit)
|
Batting: RHB Roberto Maestas
|
0-0: Ball 1-0: Ball 2-0: Ball 3-0: Swinging Strike 3-1: Foul Ball, location: 2F 3-2: Strikes out swinging
|
Batting: SHB Júlio Camacho
|
0-0: Called Strike Arturo Rodríguez steals 2nd base 0-1: Called Strike 0-2: Ball 1-2: Ball 2-2: Reached on error, E5 (Groundball, 56) Arturo Rodríguez to third
|
Batting: RHB Rubén Alvarado
|
0-0: Called Strike 0-1: Called Strike 0-2: Ground out 5-3 (Groundball, 56)
|
Bottom of the 6th over - 0 run(s), 1 hit(s), 1 error(s), 2 left on base; Phoenix Hotspur 1 - Tacoma 7 |
TOP OF THE 7TH |
Phoenix Hotspur Youth batting - Pitching for Tacoma Fur Traders : LHP César González
|
Batting: LHB Rafael Sánchez
|
0-0: Swinging Strike 0-1: Called Strike 0-2: Foul Ball, location: 2F 0-2: Ball 1-2: Ball 2-2: Foul Ball, location: 2F 2-2: Foul Ball, location: 2F 2-2: Ball 3-2: Base on Balls
|
Batting: RHB Jesús Mejía
|
0-0: Ball 1-0: Ball 2-0: Called Strike 2-1: SINGLE (Flyball, 89S) Rafael Sánchez to second Runner from 2nd tries for 3rd, SAFE, throw made to third
|
Batting: RHB Marc Meertens
|
0-0: Called Strike 0-1: Ball 1-1: Foul Ball, location: 2F Balk! Rafael Sánchez scores Jesús Mejía to second 1-2: SINGLE (Groundball, 6) Jesús Mejía to third
|
Batting: LHB Luis Díaz
|
0-0: Called Strike 0-1: Ball 1-1: Ball 2-1: Fly out, F5 (Popup, 5S)
|
Batting: RHB Javier González
|
0-0: Called Strike 0-1: Ball 1-1: Ball 2-1: Ball 3-1: Base on Balls Marc Meertens to second
|
Batting: LHB Richard Alpert
|
0-0: Called Strike 0-1: DOUBLE (Flyball, 7LS) Jesús Mejía scores Marc Meertens scores Javier González to third Runner from 3rd tries for Home, SAFE, throw made home
|
Pitching: RHP Edward Scott
|
|
Batting: RHB Billy Strauss
|
0-0: DOUBLE (Line Drive, 7LM) Richard Alpert scores
|
Batting: RHB Alex Niemann
|
0-0: Called Strike 0-1: Ball 1-1: Ball 2-1: Ball 3-1: Swinging Strike 3-2: Foul Ball, location: 2F 3-2: Fly out, F8 (Flyball, 8RM)
|
Batting: LHB Shojiro Ueda
|
0-0: Called Strike 0-1: Ball 1-1: Called Strike 1-2: Ball 2-2: Foul Ball, location: 2F 2-2: Foul Ball, location: 2F 2-2: Ball 3-2: Base on Balls
|
Batting: LHB Rafael Sánchez
|
0-0: Ball 1-0: Foul Ball, location: 2F 1-1: Swinging Strike 1-2: Foul Ball, location: 2F 1-2: Ball 2-2: Strikes out swinging
|
Top of the 7th over - 5 run(s), 4 hit(s), 0 error(s), 2 left on base; Phoenix Hotspur 6 - Tacoma 7 |
BOTTOM OF THE 7TH |
Tacoma Fur Traders batting - Pitching for Phoenix Hotspur Youth : LHP Juan Alou
|
Batting: RHB Jim Unknown
|
0-0: Called Strike 0-1: Ball 1-1: Ball 2-1: Ball 3-1: Base on Balls
|
Batting: RHB Andy Moore
|
0-0: Sac Bunt - play at first, batter OUT! 2-4 Jim Unknown to second
|
Batting: RHB Jenkins Hall
|
0-0: Ball 1-0: Called Strike 1-1: Ball 2-1: Ball 3-1: Base on Balls
|
Batting: RHB Rex Long
|
0-0: Ball 1-0: Called Strike 1-1: Grounds into double play, 4-6-3 (Groundball, 4)
|
Bottom of the 7th over - 0 run(s), 0 hit(s), 0 error(s), 1 left on base; Phoenix Hotspur 6 - Tacoma 7 |
TOP OF THE 8TH |
Phoenix Hotspur Youth batting - Pitching for Tacoma Fur Traders : RHP Edward Scott
|
Pitching: RHP Luis Castrejón
|
|
Batting: RHB Jesús Mejía
|
0-0: Called Strike 0-1: Foul Ball, location: 2F 0-2: Ball 1-2: Foul Ball, location: 2F 1-2: Ball 2-2: Foul Ball, location: 2F 2-2: Fly out, F7 (Flyball, 7D)
|
Batting: RHB Marc Meertens
|
0-0: Ball 1-0: Called Strike 1-1: Ball 2-1: SINGLE (Line Drive, 56)
|
Batting: LHB Luis Díaz
|
0-0: Ball Wild Pitch! Marc Meertens to second 1-0: Ball 2-0: Ball 3-0: Base on Balls
|
Pinch Hitting: LHB Ricardo Peńa
|
0-0: Grounds into double play, 4-6-3 (Groundball, 4)
|
Top of the 8th over - 0 run(s), 1 hit(s), 0 error(s), 1 left on base; Phoenix Hotspur 6 - Tacoma 7 |
BOTTOM OF THE 8TH |
Tacoma Fur Traders batting - Pitching for Phoenix Hotspur Youth : LHP Juan Alou
|
Now in LF: Ricardo Peńa
|
|
Batting: LHB Jim Unknown
|
0-0: Ball 1-0: Ball 2-0: Foul Ball, location: 2F 2-1: Ground out 3-1 (Groundball, 34)
|
Batting: RHB Arturo Rodríguez
|
0-0: Called Strike 0-1: Called Strike 0-2: Fly out, F9 (Flyball, 89S)
|
Batting: RHB Roberto Maestas
|
0-0: SINGLE (Groundball, 6M) (infield hit)
|
Pinch Hitting: RHB Iván Rodríguez
|
0-0: Ball 1-0: Called Strike 1-1: Ball 2-1: Fielders Choice at 2nd, U6 (Groundball, 6M)
|
Bottom of the 8th over - 0 run(s), 1 hit(s), 0 error(s), 1 left on base; Phoenix Hotspur 6 - Tacoma 7 |
TOP OF THE 9TH |
Phoenix Hotspur Youth batting - Pitching for Tacoma Fur Traders : RHP Luis Castrejón
|
Pitching: RHP Wynn Huggins
|
|
Now at 1B: Iván Rodríguez
|
|
Batting: LHB Richard Alpert
|
0-0: Ball 1-0: Ball 2-0: Called Strike 2-1: Ball 3-1: Swinging Strike 3-2: Foul Ball, location: 2F 3-2: Base on Balls
|
Batting: RHB Billy Strauss
|
0-0: Bunted foul 0-1: Ball 1-1: Bunt - Flyout! F1
|
Batting: RHB Alex Niemann
|
0-0: Foul Ball, location: 2F 0-1: Called Strike 0-2: Strikes out swinging
|
Batting: LHB Shojiro Ueda
|
0-0: Called Strike 0-1: Ball 1-1: Ball 2-1: Ball 3-1: Called Strike 3-2: Strikes out looking
|
Top of the 9th over - 0 run(s), 0 hit(s), 0 error(s), 1 left on base; Phoenix Hotspur 6 - Tacoma 7 |
|